 Dungeon Crawl Stone Soup version 0.15.0-22-g71df38d (console) character file.

315 gw the Cudgeler (level 6, -5/56 HPs)
             Began as a Deep Dwarf Gladiator on Sept 8, 2014.
             Was an Initiate of Makhleb.
             Slain by an ogre
             ... wielding a +0 giant club
              (25 damage)
             ... on Level 4 of the Dungeon.
             The game lasted 00:03:11 (3847 turns).

gw the Cudgeler (Deep Dwarf Gladiator)              Turns: 3847, Time: 00:03:12

HP  -5/56        AC  9     Str 18      XL: 6   Next: 19%
MP   7/7         EV  8     Int  9      God: Makhleb [......]
Gold 0           SH  0     Dex 15      Spells:  0 memorised,  5 levels left

rFire  . . .     SeeInvis .     a - +0 flail
rCold  . . .     Clarity  .     q - +0 scale mail
rNeg   . . .     rCorr    .     (no shield)
rPois  .         rRot     .     c - +0 helmet
rElec  .         Spirit   .     m - +0 cloak
SustAb .         Warding  .     (no gloves)
rMut   .         Stasis   .     (no boots)
Gourm  .                        (no amulet)
MR     .....                    (no ring)
                                (no ring)

@: non-regenerating, not resistant to hostile enchantments, extremely unstealthy
A: damage resistance, recharge devices, sense surroundings 1, slow healing 3
a: Device Recharging, Renounce Religion


You were on level 4 of the Dungeon.
You worshipped Makhleb.
Makhleb was noncommittal.
You were hungry.

You visited 2 branches of the dungeon, and saw 5 of its levels.

Inventory:

Hand weapons
 a - a +0 flail (weapon)
Missiles
 d - 3 throwing nets
 j - 29 bolts
Armour
 c - a +0 helmet (worn)
 m - a +0 cloak (worn)
 q - a +0 scale mail (worn)
Magical devices
 e - a wand of heal wounds (1)
Comestibles
 f - 2 bread rations
 n - 3 fruits
 p - a slice of pizza
Scrolls
 g - a scroll of amnesia
 k - 6 scrolls of identify
 o - 2 scrolls of remove curse
Potions
 i - a potion of flight


   Skills:
 + Level 3.3 Fighting
 * Level 5.0 Maces & Flails
 - Level 1.7 Throwing
 + Level 3.4 Armour
 - Level 3.2 Dodging
 + Level 1.1 Invocations


You had 5 spell levels left.
You didn't know any spells.

Dungeon Overview and Level Annotations

Branches:
Dungeon (4/15)             Temple (1/1) D:4

Altars:
Ashenzari
Elyvilon
Kikubaaqudgha
Makhleb
Nemelex Xobeh
Okawaru
Qazlal
Sif Muna
Trog
Xom
Yredelemnul
Zin
The Shining One

Annotations:
D:2 exclusion: downstairs


Innate Abilities, Weirdness & Mutations

You are resistant to damage.
You can recharge devices by infusing magical energy.
You passively map a small area around you.
You do not heal naturally.


Message History

There is an open door here.
You see here 17 gold pieces.
You open the door.
There is an open door here.
There is an open door here.
An ogre comes into view. It is wielding a giant club.
The ogre shouts!
Attempting RANGED ATTACK TO (-4,4); ATTACKING (-1,1)
You swing at nothing.
Attempting RANGED ATTACK TO (-2,2); ATTACKING (-1,1)
You swing at nothing.
ATTACKING (-1,1)
You hit the ogre.
The ogre is lightly wounded.
The ogre hits you but does no damage.
ATTACKING (-1,1)
You hit the ogre.
The ogre is moderately wounded.
The ogre hits you with a giant club!!
You die...

+ ##.##..# ########
####'##..# ~~~~~~~~# *
##......(.# ~~~~~~~~# *
#..#$.....# ~~~~~~~~#
#.^.......# #### #####~~~# *
##..#......# #... #...#~~~#
., *##..###.....# #...
#.>.#~~~# #.. #..'#.##....#
#...
#...#~~~#,#...##g##...##...#
#... ##.##~~~#
+....O..##.##....# #..(
~#.#~~~~# #....$...###..#..#
#... ~#.#~~~~#
#.........#...#..# #...
~#.#~~~~# #..<....#.....+..#
#... ##.######
+.......###...#.####..#
#......##+#.......#
##'##.##.#...
#......#..........#
#..##.##....#
#%###+##..........#
#..##'##.##.#


You could see an ogre.

Table legend:
 A = Turns spent in this place as a percentage of turns spent in the entire game.
 B = Non-inter-level travel turns spent in this place as a percentage of non-inter-level travel turns spent in the entire game.
 C = Inter-level travel turns spent in this place as a percentage of turns spent in this place.
 D = Turns resting spent in this place as a percentage of non-inter-level travel turns spent in this place.
 E = Turns spent auto-exploring this place as a percentage of non-inter-level travel turns spent in this place.
 F = Non-inter-level travel turns spent in this place divided by the number of levels of this place that you've seen.
                   A       B       C       D       E      F
               +-------+-------+-------+-------+-------+----------------------
         Total | 100.0 | 100.0 |   0.5 |   0.1 |  14.0 | 319.4
       Dungeon |  96.6 |  96.7 |   0.4 |   0.1 |  13.2 | 386.0
        Temple |   3.4 |   3.3 |   3.6 |   0.0 |  35.8 |  53.0
               +-------+-------+-------+-------+-------+----------------------

Table legend:
 A = Kills in this place as a percentage of kills in entire the game.
 B = Kills by you in this place as a percentage of kills by you in the entire game.
 C = Kills by friends in this place as a percentage of kills by friends in the entire game.
 D = Other kills in this place as a percentage of other kills in the entire game.
 E = Experience gained in this place as a percentage of experience gained in the entire game.
 F = Experience gained in this place divided by the number of levels of this place that you have seen.
                   A       B       C       D       E      F
               +-------+-------+-------+-------+-------+----------------------
         Total | 100.0 | 100.0 |  -nan |  -nan | 100.0 |  90.0
       Dungeon | 100.0 | 100.0 |  -nan |  -nan | 100.0 | 112.5
               +-------+-------+-------+-------+-------+----------------------

Vanquished Creatures
  A water moccasin skeleton (D:4)
  An orc priest (D:4)
  10 adders
  3 gnolls (D:2)
  3 worms
  An ooze (D:1)
  7 orcs
  13 bats
  2 giant cockroaches
  14 goblins
  13 hobgoblins
  7 jackals
  2 giant geckos
  4 giant newts
  3 kobolds
  9 rats
93 creatures vanquished.

Notes
Turn   | Place    | Note
--------------------------------------------------------------
     0 | D:1      | gw, the Deep Dwarf Gladiator, began the quest for the Orb.
     0 | D:1      | Reached XP level 1. HP: 19/19 MP: 1/1
   184 | D:1      | Reached XP level 2. HP: 21/26 MP: 2/2
   236 | D:1      | Reached skill level 1 in Armour
   719 | D:1      | Reached XP level 3. HP: 18/32 MP: 3/3
  1012 | D:2      | Reached skill level 4 in Maces & Flails
  1134 | D:2      | Reached XP level 4. HP: 27/40 MP: 4/4
  1551 | D:2      | Reached XP level 5. HP: 25/46 MP: 5/5
  1592 | D:3      | Noticed a phantom
  3173 | D:4      | Found a staircase to the Ecumenical Temple.
  3183 | Temple   | Entered the Ecumenical Temple
  3315 | Temple   | Became a worshipper of Makhleb the Destroyer
  3487 | D:4      | Reached XP level 6. HP: 45/56 MP: 6/6
  3506 | D:4      | Reached skill level 5 in Maces & Flails
  3645 | D:4      | Reached skill level 1 in Invocations
  3847 | D:4      | Slain by an ogre

Action                   |  1- 3 |  4- 6 || total
-------------------------+-------+-------++-------
Melee: Flail             |   174 |   220 ||   394
Evoke: Wand              |     1 |     3 ||     4
  Use: Scroll            |     4 |     3 ||     7
       Potion            |     1 |     6 ||     7
  Eat: Chunk             |     1 |     5 ||     6
       Bread ration      |       |     1 ||     1

Vault maps used:
D:1:      dpeg_arrival_yet_another_circle
D:2:      first_bread
D:3:      grunt_ministairs_9
D:4:      minmay_temple_entry_poolview, enter_ossuary_5
Temple:   nicolae_temple_figure_eight
